 Dungeon Crawl Stone Soup version 0.29.1-13-g9f3cf754e1 (webtiles) character file.

Game seed: 6340961403624691390

148 DemonSlayer the Digger (level 5, -1/35 HPs)
             Began as a Demonspawn Earth Elementalist on Jan 23, 2023.
             Slain by Pikel
             ... wielding a +2 whip of freezing
              (10 damage)
             ... on level 4 of the Dungeon.
             The game lasted 00:06:15 (3928 turns).

DemonSlayer the Digger (DsEE)                       Turns: 3928, Time: 00:06:16

Health: -1/35      AC:  5    Str: 17    XL:     5   Next: 8%
Magic:  6/9        EV: 12    Int: 16    God:
Gold:   365        SH:  0    Dex: 13    Spells: 1/9 levels left

rFire   . . .      SeeInvis .   q - +2 short sword (drain)
rCold   . . .      Faith    .   (no shield)
rNeg    . . .      Spirit   .   h - +1 leather armour
rPois   .          Reflect  .   (no helmet)
rElec   .          Harm     .   (no cloak)
rCorr   .          Rampage  .   i - +0 pair of gloves
Will    .....                   (no boots)
Stlth   ++........              (no amulet)
HPRegen 0.11/turn               n - +6 ring of strength
MPRegen 0.11/turn               (no ring)

@: very slightly contaminated
A: weakness stinger 1
a: no special abilities


You were on level 4 of the Dungeon.
You visited 1 branch of the dungeon, and saw 4 of its levels.

You collected 365 gold pieces.

Inventory:

Hand Weapons
 q - a +2 short sword of draining (weapon)
Armour
 h - a +1 leather armour (worn)
 i - a +0 pair of gloves (worn)
 l - an orb of energy
Jewellery
 n - a +6 ring of strength (left hand)
Scrolls
 a - a scroll of fear
 d - 2 scrolls of blinking
 f - a scroll of identify
 g - a scroll of immolation {unknown}
 k - a scroll of teleportation {unknown}
 o - a scroll of magic mapping {unknown}
 s - a scroll of silence {unknown}
 t - a scroll of torment {unknown}
Potions
 b - a potion of magic
 c - 2 potions of mutation {unknown}
 e - a potion of haste {unknown}
 j - a potion of flight {unknown}
 m - 2 potions of heal wounds
 p - 3 potions of might
 r - a potion of invisibility {unknown}
 u - a potion of curing {unknown}


   Skills:
 + Level 1.4 Armour
 + Level 2.0 Dodging
 + Level 2.1 Stealth
 + Level 2.9 Spellcasting
 + Level 0.8 Transmutations
 + Level 4.1 Earth Magic


You had one spell level left.
You knew the following spells:

 Your Spells              Type           Power      Damage    Failure   Level
a - Sandblast             Erth           30%        2d9       4%          1
b - Stone Arrow           Conj/Erth      18%        3d8       28%         3
c - Petrify               Tmut/Erth      10%        N/A       63%         4

Your spell library contained the following spells:

 Spells                   Type           Power      Damage    Failure   Level
 Apportation              Tloc           4%         N/A       22%         1
 Passwall                 Tmut/Erth      8%         N/A       12%         2
 Summon Guardian Golem    Hex/Summ       2%         N/A       56%         3
 Alistair's Intoxication  Tmut/Pois      2%         N/A       99%         5
 Orb of Destruction       Conj           1%         9d5       100%        7
 Spellforged Servitor     Conj/Summ      1%         N/A       100%        7


Dungeon Overview and Level Annotations

Branches:
Dungeon (4/15)
 Temple: D:4-7

Altars:
Nemelex Xobeh

Annotations:
D:4 Pikel


Innate Abilities, Weirdness & Mutations

You have a small tail.


Message History

You closely miss Pikel.
Pikel hits you with a +2 whip of freezing!
Pikel freezes you. Pikel misses you.
You are too injured to fight recklessly!
You are too injured to fight recklessly!
You are too injured to fight recklessly!
You are too injured to fight recklessly!
You feel much better.
Pikel hits you with a +2 whip of freezing!
Pikel freezes you.
Casting: Sandblast (safe; 4% risk of failure)
Confirm with . or Enter, or press ? or * to list all spells.
Aiming: Sandblast (safe; 4% risk of failure)
Press: ? - help, Shift-Dir - straight line, f - Pikel
Aim: Pikel, wielding a +2 whip of freezing, wearing a +2 robe of positive energy and carrying a wand of digging (7) (77% to hit)
The blast of sand hits Pikel but does no damage.
Pikel hits you with a +2 whip of freezing.
Pikel freezes you.
Casting: Sandblast (safe; 4% risk of failure)
Confirm with . or Enter, or press ? or * to list all spells.
Aiming: Sandblast (safe; 4% risk of failure)
Press: ? - help, Shift-Dir - straight line, f/p - Pikel
Aim: Pikel, wielding a +2 whip of freezing, wearing a +2 robe of positive energy and carrying a wand of digging (7) (77% to hit)
You miscast Sandblast.
You are very lightly contaminated with residual magic.
Nothing appears to happen.
Pikel hits you with a +2 whip of freezing.
Pikel freezes you.
Unknown command.
Casting: Sandblast (safe; 4% risk of failure)
Confirm with . or Enter, or press ? or * to list all spells.
Aiming: Sandblast (safe; 4% risk of failure)
Press: ? - help, Shift-Dir - straight line, f/p - Pikel
Aim: Pikel, wielding a +2 whip of freezing, wearing a +2 robe of positive energy and carrying a wand of digging (7) (77% to hit)
The blast of sand hits Pikel but does no damage.
Pikel hits you with a +2 whip of freezing.
Pikel freezes you.
* * * LOW HITPOINT WARNING * * *
Pikel hits you with a +2 whip of freezing!
You die...

####### .## ##.....## ..#
#.......## #[# .........# #.# #
.........# #[# .# .........# #.#
..# <........###.#####5..##
................@K55..##
.........###.#####g..##.##
.........# #.# .##.#.##
.........# #.# ##.#.#.##
.........# #.# ##.#.#.#.##
.........# #.# ##.#.###.#(##
#.......####.#. ##.#.##.##.#.##
##...>.##......##.#.##.#.##.#.##
###†###..†...##.#.##.#.#†##.#.##


You could see Pikel, 3 lemures and a goblin.

Vanquished Creatures
  A hound (D:4)
  3 adders (D:2)
  A worm (D:2)
  A dart slug (D:4)
  An orc (D:3)
  6 bats
  5 endoplasms
  3 giant cockroaches
  14 goblins
  13 hobgoblins
  5 jackals
  4 quokkas
  3 ball pythons
  4 frilled lizards
  5 kobolds
  8 rats
  A spectral hobgoblin (D:1)
78 creatures vanquished.

Notes
Turn   | Place    | Note
-------+----------+-------------------------------------------
     0 | D:1      | DemonSlayer the Demonspawn Earth Elementalist began the
                  | quest for the Orb.
     0 | D:1      | Reached XP level 1. HP: 13/13 MP: 3/3
   428 | D:1      | Found a faded altar of an unknown god.
   569 | D:1      | Discovered your monstrous ancestry.
   569 | D:1      | Gained mutation: You have a small tail. [demonic ancestry]
   569 | D:1      | Reached XP level 2. HP: 15/18 MP: 1/5
   636 | D:1      | Reached skill level 3 in Earth Magic
  1499 | D:2      | Reached XP level 3. HP: 24/24 MP: 1/6
  2217 | D:2      | Reached XP level 4. HP: 30/30 MP: 1/7
  2506 | D:2      | Learned a level 3 spell: Stone Arrow
  2511 | D:2      | Learned a level 4 spell: Petrify
  2752 | D:3      | Found a sparkling altar of Nemelex Xobeh.
  3019 | D:3      | Reached skill level 4 in Earth Magic
  3509 | D:4      | Reached skill level 1 in Armour
  3695 | D:4      | Reached XP level 5. HP: 34/35 MP: 6/9
  3917 | D:4      | Noticed Pikel
  3917 | D:4      | Noticed a lemure
  3917 | D:4      | Noticed a lemure
  3918 | D:4      | Noticed a lemure
  3918 | D:4      | Noticed a lemure
  3928 | D:4      | Slain by Pikel

Illustrated notes

Levels and vault maps discovered:
D:1:      sevenhm_arrival_forest_fort_small_4, layout_basic,
          dreamdust_ecumenical_altar_drowned_temple, nicolae_titane
D:2:      layout_basic, grunt_decor_fettered
D:3:      kennysheep_goblin_castle, layout_basic,
          nicolae_overflow_crystal_walls, nemelex_xobeh_ov_fountains_minmay
D:4:      minmay_inner_zag, layout_rooms, minitemple, dancing_weapons_uskayaw,
          minmay_temple_entry_butterflies, guppyfry_shop_venom, uniq_pikel

Skill      XL: |  1  2  3  4 |
---------------+-------------+-----
Stealth        | 2 |  2.1
Earth Magic    | 3 4 |  4.1
Dodging        | 2 |  2.0
Armour         | 1 |  1.4
Spellcasting   | |  2.9
Transmutations | |  0.8

Action                   |  1- 3 |  4- 6 || total
-------------------------+-------+-------++-------
Melee: Unarmed           |     6 |       ||     6
       Morningstar       |    11 |     1 ||    12
       Tailslap          |     2 |     1 ||     3
       Short sword       |       |    17 ||    17
 Cast: Sandblast         |    58 |    50 ||   108
  Use: Potion            |     1 |     1 ||     2
       Scroll            |       |     6 ||     6
 Stab: Sleeping          |     1 |       ||     1
Armor: Robe              |     7 |       ||     7
       Leather armour    |     9 |    18 ||    27
Dodge: Dodged            |    34 |    27 ||    61
